 Dungeon Crawl Stone Soup version 0.28-a0-119-ga52ba8600a (webtiles) character file.

Game seed: 4750838877664248770

10425 voltaire321 the Thaumaturge (level 11, -20/64 HPs)
             Began as a Deep Elf Conjurer on Aug 13, 2021.
             Was a Priest of Sif Muna.
             Demolished by a death yak (23 damage)
             ... on level 10 of the Dungeon.
             The game lasted 00:49:56 (12109 turns).

voltaire321 the Thaumaturge (Deep Elf Conjurer)    Turns: 12109, Time: 00:49:57

Health: -20/64     AC:  8    Str:  5    XL:     11   Next: 36%
Magic:  14/35      EV: 15    Int: 26    God:    Sif Muna [***...]
Gold:   404        SH: 13    Dex: 13    Spells: 11/28 levels left

rFire   + . .      SeeInvis +   q - staff of poison
rCold   . . .      Faith    .   c - +3 buckler {rF+}
rNeg    . . .      Spirit   .   r - +0 robe {Archmagi}
rPois   +          Reflect  +   (no helmet)
rElec   .          Harm     .   p - +0 cloak
rCorr   .          Rampage  .   e - +0 pair of gloves
Will    +....      Archmagi +   (no boots)
Stlth   ++........              v - amulet of reflection
HPRegen 0.20/turn               y - ring "Eceabboy" {rPois MP+9 SInv}
MPRegen 0.24/turn               d - +4 ring of protection

@: no status effects
A: no striking features
a: Renounce Religion, Channel Magic, Forget Spell


You were on level 10 of the Dungeon.
You worshipped Sif Muna.
Sif Muna was most pleased with you.
You visited 2 branches of the dungeon, and saw 11 of its levels.
You also visited: Sewer.

You collected 404 gold pieces.

Inventory:

Hand Weapons
 i - a +0 dagger
Missiles
 m - 9 curare-tipped darts
Armour
 c - a +3 buckler of fire resistance (worn)
 e - a +0 pair of gloves (worn)
 p - a +0 cloak (worn)
 r - a +0 robe of the Archmagi (worn)
Magical Staves
 q - a staff of poison (weapon)
Jewellery
 b - a ring of protection from cold
 d - a +4 ring of protection (right hand)
 g - a ring of resist corrosion
 v - an amulet of reflection (around neck)
 y - the ring "Eceabboy" (left hand) {rPois MP+9 SInv}
   (You acquired it on level 8 of the Dungeon)

   [ring of magical power]

   rPois:     It protects you from poison.
   MP:        It affects your magic capacity (+9).
   SInv:      It lets you see invisible.
 z - a ring of flight
Wands
 w - a wand of acid (11)
 x - a wand of digging (5)
 A - a wand of paralysis (4)
 B - a wand of iceblast (10)
 C - a wand of flame (20)
Scrolls
 n - 2 scrolls of teleportation
 t - 2 scrolls of magic mapping
 D - a scroll of fear
Potions
 a - 2 potions of cancellation
 f - 2 potions of lignification
 j - 2 potions of curing
 k - 3 potions of might
 l - a potion of magic
 o - 2 potions of mutation {unknown}
 s - 2 potions of degeneration {unknown}
 u - 2 potions of brilliance
 E - a potion of resistance
 F - a potion of berserk rage


   Skills:
 + Level 5.3 Fighting
 + Level 5.8 Staves
 + Level 8.0 Dodging
 - Level 2.4 Stealth
 - Level 4.0 Shields
 + Level 9.0 Spellcasting
 + Level 8.3 Conjurations
 - Level 5.0 Translocations
 + Level 2.9 Ice Magic
 - Level 5.0 Poison Magic
 + Level 5.0 Invocations
 - Level 5.0 Evocations


You had 11 spell levels left.
You knew the following spells:

 Your Spells              Type           Power      Damage    Failure   Level
a - Magic Dart            Conj           100%       1d8       1%          1
b - Searing Ray           Conj           100%       3d7       1%          2
c - Dazzling Flash        Conj/Hex       100%       N/A       2%          3
d - Iskenderun's Mystic   Conj/Tloc      63%        2d13      3%          4
e - Frozen Ramparts       Ice            82%        1d10      4%          3
f - Hailstorm             Conj/Ice       58%        3d13      4%          4

Your spell library contained the following spells:

 Spells                   Type           Power      Damage    Failure   Level
 Freeze                   Ice            100%       1d11      1%          1
 Gell's Gravitas          Tloc           27%        N/A       1%          3
 Lesser Beckoning         Tloc           27%        N/A       1%          3
 Teleport Other           Tloc           54%        N/A       1%          3
 Stone Arrow              Conj/Erth      100%       3d13      2%          3
 Corona                   Hex            18%        N/A       4%          1
 Sandblast                Erth           34%        2d9       4%          1
 Ensorcelled Hibernation  Hex/Ice        58%        N/A       4%          2
 Passwall                 Tmut/Erth      14%        N/A       8%          2
 Fulminant Prism          Conj/Hex       25%        3d14      9%          4
 Summon Guardian Golem    Hex/Summ       17%        N/A       16%         3
 Tukima's Dance           Hex            17%        N/A       16%         3
 Irradiate                Conj/Tmut      25%        3d22      26%         5
 Lightning Bolt           Conj/Air       25%        1d41      26%         5
 Bolt of Magma            Conj/Fire/Erth 19%        4d10      41%         5
 Airstrike                Air            8%         N/A       45%         4
 Summon Lightning Spire   Summ/Air       17%        N/A       45%         4
 Blade Hands              Tmut           8%         N/A       80%         5
 Lee's Rapid Deconstruct  Erth           8%         3d8*      80%         5
 Starburst                Conj/Fire      25%        8x6d8     80%         6
 Orb of Destruction       Conj           35%        9d13      80%         7
 Dragon Form              Tmut           8%         N/A       100%        7
 Spellforged Servitor     Conj/Summ      25%        N/A       100%        7
 Shatter                  Erth           8%         3d10*     100%        9


Dungeon Overview and Level Annotations

Branches:
Dungeon (10/15)            Temple (1/1) D:6            Lair (0/6) D:10
  Sewer (visited)
    Orc: D:9-12

Altars:
Ashenzari
Cheibriados
Dithmenos
Elyvilon
Fedhas
Gozag
Hepliaklqana
Kikubaaqudgha
Makhleb
Nemelex Xobeh
Okawaru
Qazlal
Ru
Sif Muna
Trog
Uskayaw
Vehumet
Wu Jian
Xom
Yredelemnul
Zin
The Shining One


Message History

The magic dart hits the death yak but does no damage.
The wall freezes the death yak.
The wall freezes the death yak!
The death yak gores you but does no damage.
Casting: Magic Dart (safe; 1% risk of failure)
Confirm with . or Enter, or press ? or * to list all spells.
Aiming: Searing Ray (safe; 1% risk of failure)
Press: ? - help, Shift-Dir - straight line, f/p - death yak
Aim: a death yak (lightly wounded, 94% to hit)
You feel a surge of power!
The searing ray hits the death yak.
The death yak is lightly wounded. (Press . to maintain the ray.)
The wall freezes the death yak.
The death yak gores you!
The searing ray hits the death yak!
The death yak is moderately wounded.
The wall freezes the death yak.
The death yak barely misses you.
The searing ray hits the death yak!
The death yak is heavily wounded.
The wall freezes the death yak.
You block the death yak's attack.
The searing ray hits the death yak.
The death yak is severely wounded.
You finish channeling your searing ray.
The wall freezes the death yak!
The death yak gores you!!
* * * LOW HITPOINT WARNING * * *
You hear a bellow!
You feel better.
The frozen ramparts melt away.
You block the death yak's attack.
Casting: Searing Ray (safe; 1% risk of failure)
Confirm with . or Enter, or press ? or * to list all spells.
Aiming: Searing Ray (safe; 1% risk of failure)
Press: ? - help, Shift-Dir - straight line, f/p - death yak
Aim: a death yak (severely wounded, 94% to hit)
You feel a surge of power!
The searing ray hits the death yak.
The death yak is severely wounded. (Press . to maintain the ray.)
The death yak gores you!
* * * LOW HITPOINT WARNING * * *
The searing ray hits the death yak.
The death yak is almost dead.
The death yak gores you!!
You die...

###+####### #.....<..)#
#.........# #####+######
#.........# #..........#
#.........# #..........#
#.........# #..........#
#####.........####..........#
.†..'.........##@'...(......#
#####.........##Y#.........>#
# #.........'Y.#..........# #
#.........#########'#####
#.........# #.### #######'###
#...# #......# ###.# #.######
#.# #[#


You could see 2 death yaks.

Vanquished Creatures
  Erica (D:8)
  A death yak (D:10)
  A two-headed ogre (D:9)
  3 trolls
  2 hornets
  A wraith (D:9)
  18 yaks
  3 steam dragons
  An acid dragon (D:10)
  2 water moccasins
  2 sky beasts (D:6)
  2 ice beasts
  An orc warrior (D:7)
  2 necrophages
  3 centaurs
  3 phantoms
  5 kobold brigands
  6 bullfrogs
  A gnoll sergeant (D:7)
  2 scorpions
  9 killer bees (D:9)
  An electric eel (D:9)
  3 howler monkeys
  11 wights
  2 centaur zombies
  A gnoll shaman (D:9)
  A jelly (D:7)
  4 hounds
  4 orc priests
  4 iguanas
  7 orc wizards
  2 howler monkey zombies
  15 adders
  A howler monkey skeleton (D:7)
  9 gnolls
  2 river rats
  2 ufetubi (D:5)
  3 worms
  3 dart slugs
  22 orcs
  10 endoplasms
  5 giant cockroaches
  6 hobgoblins (D:1)
  11 jackals
  4 quokkas
  9 ball pythons
  3 bats
  5 frilled lizards
  7 goblins
  11 kobolds
  8 rats
  A spectral kobold (D:2)
246 creatures vanquished.

Vanquished Creatures (others)
  A fungus (D:1)
  A plant (D:4)
2 creatures vanquished.

Grand Total: 248 creatures vanquished

Notes
Turn   | Place    | Note
-------+----------+-------------------------------------------
     0 | D:1      | voltaire321 the Deep Elf Conjurer began the quest for the
                  | Orb.
     0 | D:1      | Reached XP level 1. HP: 10/10 MP: 6/6
   612 | D:1      | Reached XP level 2. HP: 16/16 MP: 4/8
   651 | D:1      | Learned a level 2 spell: Searing Ray
   953 | D:1      | Reached XP level 3. HP: 19/20 MP: 0/10
  1113 | D:1      | Reached skill level 1 in Fighting
  1792 | D:2      | Learned a level 3 spell: Dazzling Flash
  1934 | D:2      | Found a faded altar of an unknown god.
  2276 | D:3      | Reached XP level 4. HP: 17/25 MP: 6/11
  2956 | D:3      | Reached skill level 4 in Spellcasting
  3111 | D:4      | Reached skill level 5 in Conjurations
  3154 | D:4      | Identified a scroll of acquirement
  3154 | D:4      | Acquired a +2 buckler of fire resistance
  3328 | D:4      | Reached skill level 1 in Shields
  3328 | D:4      | Reached XP level 5. HP: 29/29 MP: 3/13
  3607 | D:4      | Reached skill level 1 in Staves
  3641 | D:4      | Noticed a phantom
  3655 | D:4      | Killed a phantom
  3656 | D:4      | Reached skill level 1 in Poison Magic
  3656 | D:4      | Reached skill level 1 in Evocations
  3779 | D:4      | Reached XP level 6. HP: 27/35 MP: 7/14
  4589 | D:5      | Entered Level 5 of the Dungeon
  5088 | D:5      | Reached XP level 7. HP: 40/40 MP: 10/16
  5089 | D:5      | Noticed a yak
  5092 | D:5      | Noticed a yak
  5103 | D:5      | Noticed a yak
  5104 | D:5      | Killed a yak
  5105 | D:5      | Reached skill level 5 in Spellcasting
  5105 | D:5      | Killed a yak
  5216 | D:5      | Killed a yak
  5298 | D:5      | Reached XP level 8. HP: 42/45 MP: 12/18
  5324 | D:5      | Learned a level 4 spell: Iskenderun's Mystic Blast
  5588 | D:5      | Reached skill level 5 in Dodging
  5597 | D:5      | Reached skill level 1 in Translocations
  5935 | D:6      | Reached skill level 6 in Spellcasting
  6167 | D:6      | Found a glowing drain.
  6184 | Sewer    | Entered a sewer
  7233 | D:6      | Reached XP level 9. HP: 51/51 MP: 12/20
  7495 | D:6      | Found a staircase to the Ecumenical Temple.
  7498 | D:6      | Identified the ring "Xeala" {Ice Will+}
  7501 | Temple   | Entered the Ecumenical Temple
  7794 | Temple   | Became a worshipper of Sif Muna the Loreminder
  8324 | D:7      | Reached skill level 1 in Invocations
  8674 | D:7      | Found a shadowy altar of Dithmenos.
  8768 | D:7      | Reached skill level 7 in Spellcasting
  8977 | D:7      | Reached * piety under Sif Muna
  9508 | D:8      | Acquired the ring "Eceabboy" {rPois MP+9 SInv}
  9524 | D:8      | Reached XP level 10. HP: 51/56 MP: 11/22
  9526 | D:8      | Reached skill level 5 in Evocations
  9752 | D:8      | Reached skill level 5 in Poison Magic
  9962 | D:8      | Reached skill level 8 in Spellcasting
  9974 | D:8      | Reached ** piety under Sif Muna
  9975 | D:8      | Reached skill level 5 in Staves
 10245 | D:8      | Learned a level 3 spell: Frozen Ramparts
 10250 | D:8      | Learned a level 4 spell: Hailstorm
 10257 | D:8      | Noticed Erica
 10268 | D:8      | Killed Erica
 10269 | D:8      | Reached skill level 1 in Ice Magic
 10991 | D:9      | Noticed a two-headed ogre
 10994 | D:9      | Reached XP level 11. HP: 62/62 MP: 25/25
 11001 | D:9      | Killed a two-headed ogre
 11002 | D:9      | Reached skill level 5 in Fighting
 11002 | D:9      | Reached skill level 5 in Translocations
 11711 | D:10     | Entered Level 10 of the Dungeon
 11711 | D:10     | Found a staircase to the Lair.
 11711 | D:10     | Noticed a death yak
 11711 | D:10     | Noticed a death yak
 11811 | D:10     | Reached *** piety under Sif Muna
 12049 | D:10     | Noticed a death yak
 12083 | D:10     | Killed a death yak
 12084 | D:10     | Reached skill level 9 in Spellcasting
 12084 | D:10     | Reached skill level 5 in Invocations
 12108 | D:10     | HP: 3/64 [death yak (14)]
 12109 | D:10     | Demolished by a death yak

Illustrated notes

Levels and vault maps discovered:
D:1:      dpeg_cavernosity, layout_rooms, minmay_unequal
D:2:      layout_rooms, dreamdust_ecumenical_altar_drowned_temple
D:3:      layout_basic
D:4:      layout_layer_cave, guppyfry_early_lair_pool
D:5:      layout_loops_ring, grunt_tough_drop
D:6:      layout_basic, minmay_temple_entry_waves, cheibrodos_sewer_entry_bend
D:7:      hangedman_cross_stitches, layout_basic,
          grunt_dithmenos_smoke_and_mirrors
D:8:      layout_gridville, uniq_erica
D:9:      layout_rooms, hive_lemuel
D:10:     layout_roguey, dpeg_lair_monsters
Temple:   roderic_octagonal_lattice_temple

Skill      XL: |  1  2  3  4  5  6  7  8  9 10 11 |
---------------+----------------------------------+-----
Dodging        | 3 4 5 6 7 8 |  8.0
Fighting       | 1 2 3 4 5 |  5.3
Spellcasting   | 4 5 6 7 8 9 |  9.0
Conjurations   | 5 6 7 8 |  8.3
Shields        | 1 2 3 4 |  4.0
Staves         | 1 2 3 4 5 |  5.8
Poison Magic   | 1 2 3 4 5 |  5.0
Evocations     | 1 2 4 5 |  5.0
Translocations | 2 3 4 5 |  5.0
Invocations    | 2 4 5 |  5.0
Ice Magic      | 1 2 |  2.9
Stealth        | |  2.4

Action                   |  1- 3 |  4- 6 |  7- 9 | 10-12 || total
-------------------------+-------+-------+-------+-------++-------
Melee: Dagger            |     7 |       |       |       ||     7
       Staff             |       |     3 |    12 |    13 ||    28
 Cast: Magic Dart        |    76 |    68 |    98 |    52 ||   294
       Searing Ray       |     5 |    20 |    55 |    51 ||   131
       Frozen Ramparts   |       |       |       |     5 ||     5
  Use: Scroll            |       |    12 |     5 |     5 ||    22
       Potion            |       |       |     2 |     3 ||     5
 Stab: Sleeping          |       |       |     1 |       ||     1
Armor: Robe              |     3 |     3 |    14 |    18 ||    38
Dodge: Dodged            |    15 |     6 |    35 |    45 ||   101
Block: Buckler           |       |     3 |    43 |    48 ||    94
       Reflection        |       |       |     2 |     3 ||     5

Table legend: (Time is in decaauts)
 A = Elapsed time spent in this place.
 B = Non-inter-level travel time spent in this place.
 C = Inter-level travel time spent in this place.
 D = Time resting spent in this place.
 E = Time spent auto-exploring this place.
 F = Levels seen in this place.
 G = Mean time per level.
                   A        B        C        D        E       F      G
               +--------+--------+--------+--------+--------+-----+--------+
         Total |  12299 |  11819 |    480 |   3572 |   5974 |  12 | 1024.9 |
       Dungeon |  10865 |  10421 |    444 |   3469 |   4874 |  10 | 1086.5 |
        Temple |    309 |    273 |     36 |      0 |    267 |   1 |  309.0 |
         Sewer |   1124 |   1124 |      0 |    103 |    833 |   1 | 1124.0 |
               +--------+--------+--------+--------+--------+-----+--------+

Top non-repeatable levels by time:
     D:4: 1560 daAuts
     D:1: 1505 daAuts
     D:8: 1219 daAuts
     D:5: 1217 daAuts
     D:7: 1217 daAuts
   Sewer: 1124 daAuts
     D:3: 1095 daAuts
     D:6: 1080 daAuts
     D:9: 1053 daAuts
     D:2: 524 daAuts
    D:10: 392 daAuts
  Temple: 309 daAuts
